 Dungeon Crawl Stone Soup version 0.20-a0-270-g8e735b6 (webtiles) character file.

16350 Faca the Cleaver (level 12, -2/96 HPs)
             Began as a Formicid Fighter on Dec 10, 2016.
             Was a High Priest of Okawaru.
             Slain by a slime creature (10 damage)
             ... on level 12 of the Dungeon.
             The game lasted 00:46:31 (13519 turns).

Faca the Cleaver (Formicid Fighter)                Turns: 13519, Time: 00:46:32

Health: -2/96      AC: 18    Str: 25    XL:     12   Next: 69%
Magic:  12/12      EV: 10    Int: 10    God:    Okawaru [*****.]
Gold:   293        SH: 13    Dex: 14    Spells: 11/11 levels left

rFire  x . .     SeeInvis +     s - +5 battleaxe (curse)
rCold  . . .     Gourm    .     p - +4 chain mail
rNeg   + + +     Faith    .     c - +0 shield
rPois  .         Spirit   .     (helmet unavailable)
rElec  .         Reflect  .     (no cloak)
rCorr  .         Harm     .     C - +2 pair of gloves {Str+3}
MR     +....                    (no boots)
Stlth  ..........               (no amulet)
                                B - ring of protection from magic
                                q - ring "Azoiw" {rF- rN+++ MR- Str+2 Stlth-}

@: no status effects
A: permanent stasis, dig shafts and tunnels, four strong arms, antennae 3, slow
regeneration 1
a: Dig, Shaft Self, Heroism, Finesse, Renounce Religion


You were on level 12 of the Dungeon.
You worshipped Okawaru.
Okawaru was extremely pleased with you.
You were not hungry.

You visited 3 branches of the dungeon, and saw 14 of its levels.
You also visited: Sewer.

You collected 1320 gold pieces.
You spent 1027 gold pieces at shops.

Inventory:

Hand Weapons
 r - a +0 dire flail of protection
 s - a cursed +5 battleaxe (weapon)
Missiles
 x - 2 silver javelins (quivered)
Armour
 c - a +0 shield (worn)
 p - a +4 chain mail (worn)
 C - a +2 pair of gloves of strength (worn)
Jewellery
 q - the ring "Azoiw" (left hand) {rF- rN+++ MR- Str+2 Stlth-}
   (You found it on level 4 of the Dungeon)

   [ring of loudness]

   It affects your strength (+2).
   It makes you vulnerable to fire.
   It renders you almost immune to negative energy.
   It affects your resistance to hostile enchantments.
   It makes you less stealthy.
 B - a ring of protection from magic (right hand)
Wands
 h - a wand of lightning (4/15)
 k - a wand of polymorph (11/24)
 y - a wand of disintegration (14/24)
 F - a wand of lightning (7/15)
Scrolls
 i - 3 scrolls of recharging
 l - 4 scrolls of fear
 n - 5 scrolls of fog
 o - 4 scrolls of enchant weapon
 w - 4 scrolls of enchant armour
 z - 2 scrolls of identify
 A - a scroll of magic mapping
Potions
 a - a potion of cure mutation
 b - 3 potions of flight
 d - 3 potions of magic
 e - a potion of agility
 g - a potion of might
 j - 2 potions of lignification
 m - 7 potions of curing
 t - 3 potions of brilliance
 u - 2 potions of heal wounds
Miscellaneous
 v - a fan of gales
Comestibles
 f - 6 bread rations


   Skills:
 + Level 9.5 Fighting
 + Level 13.4 Axes
 + Level 9.1 Armour
 + Level 3.1 Dodging
 + Level 2.4 Stealth
 + Level 10.4 Shields


You had 11 spell levels left.
You didn't know any spells.

Dungeon Overview and Level Annotations

Branches:
Dungeon (12/15)            Temple (1/1) D:4            Lair (0/6) D:11
    Orc (1/2) D:11

Altars:
Ashenzari
Cheibriados
Dithmenos
Elyvilon
Fedhas
Gozag
Hepliaklqana
Kikubaaqudgha
Makhleb
Nemelex Xobeh
Okawaru
Qazlal
Ru
Sif Muna
Trog
Uskayaw
Vehumet
Xom
Yredelemnul
Zin
The Shining One

Shops:
D:8 [?   D:9 ?


Innate Abilities, Weirdness & Mutations

You cannot be hasted, slowed, berserked, paralysed or teleported.
You can dig through walls and to a lower floor.
Your four strong arms can wield two-handed weapons with a shield.
You have a pair of large antennae on your head. (SInv)
You regenerate slowly when monsters are visible.


Message History

The large slime creature is heavily wounded.
You slice the slime creature!! The large slime creature hits you.
You block the slime creature's attack.
You slice the large slime creature!!
The large slime creature is severely wounded.
You completely miss the slime creature. The large slime creature hits you!!
* * * LOW HITPOINT WARNING * * *
You block the slime creature's attack.
You slash the large slime creature!
The large slime creature is almost dead.
You hit the slime creature.
The large slime creature barely misses you.
The slime creature hits you.
* * * LOW HITPOINT WARNING * * *
You hit the large slime creature.
The large slime creature is almost dead.
You slash the slime creature! The large slime creature hits you!
* * * LOW HITPOINT WARNING * * *
The slime creature hits you!
You die...

####.###.........########
##.# #................##
#./# #.....J.J.######..#
####)####...JJ.......####†.
#......##..........#....##.
#......##.........?####....
#......##...<....QJ...J####
#.<......J############..#
#......##J@.# ##.###
####......####.# #{##.
##.........# #.# #.#..
##.......#### #.# #.#.#
#.........# #.## #.#.#
#.........#
#..##########...#
#.........#
##..........#....
#....)....#
#####...##......
#.........# ##..>.....#..#


You could see a large slime creature and a slime creature.

Vanquished Creatures
  The ghost of Faca the Cleaver, a journeyman FoFi of Okawaru (D:9)
  A tengu warrior (D:12)
  An unseen horror (D:12)
  The ghost of Abalos the Sneak, a novice MiAs of Hepliaklqana (D:6)
  An orc sorcerer (Orc:1)
  A manticore (D:12)
  A cyclops (D:10)
  A komodo dragon (D:12)
  3 trolls
  Prince Ribbit (D:7)
  A two-headed ogre (Orc:1)
  3 slime creatures (D:12)
  2 hippogriffs
  The ghost of Papayamessiah the Digger, an amateur GrEE of Ashenzari (Sewer)
  A shadow (D:12)
  A wraith (D:11)
  A spriggan (D:7)
  A wyvern (D:12)
  13 yaks
  A warg (Orc:1)
  2 water moccasins
  16 orc warriors
  2 ice beasts
  A black bear (D:4)
  A necrophage (D:9)
  An eye of draining (D:9)
  8 ogres
  4 phantoms
  5 centaurs
  A crocodile (D:8)
  13 bullfrogs
  2 big kobolds
  Blork the orc (D:4)
  A scorpion (D:8)
  A wyvern skeleton (D:7)
  7 killer bees (D:9)
  8 wights
  3 howler monkeys (D:9)
  5 crimson imps
  4 bullfrog zombies
  A centaur zombie (D:8)
  5 hounds
  4 jellies
  A gnoll shaman (D:8)
  6 orc priests
  16 orc wizards
  6 bullfrog skeletons
  2 centaur skeletons
  3 iguanas
  9 worker ants
  A hound zombie (D:8)
  A worker ant zombie (D:7)
  4 gnolls (D:8)
  A howler monkey skeleton (D:5)
  20 adders
  6 river rats (Sewer)
  3 shadow imps
  4 oozes
  2 adder zombies
  2 adder skeletons (D:4)
  3 worms
  3 dart slugs
  8 leopard geckos
  51 orcs
  13 ball pythons
  7 bats
  7 giant cockroaches
  4 goblins
  7 hobgoblins
  8 jackals
  6 quokkas
  A ball python skeleton (D:4)
  4 frilled lizards
  A jackal skeleton (D:4)
  17 kobolds
  A leopard gecko skeleton (D:8)
  27 rats
388 creatures vanquished.

Notes
Turn   | Place    | Note
-------+----------+-------------------------------------------
     0 | D:1      | Faca the Formicid Fighter began the quest for the Orb.
     0 | D:1      | Reached XP level 1. HP: 18/18 MP: 1/1
   118 | D:1      | Reached XP level 2. HP: 24/24 MP: 2/2
   660 | D:2      | Reached XP level 3. HP: 27/29 MP: 3/3
   917 | D:2      | Found a glowing golden altar of the Shining One.
   930 | D:2      | Reached XP level 4. HP: 18/36 MP: 4/4
   936 | D:2      | HP: 1/36 [poisoned by an adder]
  1296 | D:2      | Found a hide-covered altar of Uskayaw.
  1548 | D:2      | Reached skill level 3 in Axes
  1553 | D:2      | Noticed a sky beast
  1776 | D:3      | Reached XP level 5. HP: 17/42 MP: 5/5
  2202 | D:3      | Reached skill level 1 in Stealth
  2415 | D:4      | Noticed an ogre
  2418 | D:4      | Killed an ogre
  2418 | D:4      | Reached skill level 1 in Dodging
  2418 | D:4      | Reached XP level 6. HP: 48/48 MP: 6/6
  2435 | D:4      | Noticed Blork the orc
  2436 | D:4      | Found a staircase to the Ecumenical Temple.
  2451 | D:4      | Killed Blork the orc
  2451 | D:4      | Reached skill level 4 in Axes
  2463 | Temple   | Entered the Ecumenical Temple
  2595 | D:4      | Noticed an ogre
  2599 | D:4      | Killed an ogre
  2599 | D:4      | Reached XP level 7. HP: 44/54 MP: 7/7
  2622 | D:4      | Reached skill level 5 in Shields
  2995 | D:4      | Got a flickering lapis lazuli ring
  3008 | D:4      | Identified the ring "Azoiw" {rF- rN+++ MR- Str+2 Stlth-} (You found it on level 4 of the Dungeon)
  3214 | D:4      | Reached skill level 5 in Axes
  3251 | D:5      | Entered Level 5 of the Dungeon
  3263 | D:5      | Reached skill level 5 in Armour
  3410 | D:5      | Found a glowing drain.
  3432 | Sewer    | Entered a sewer
  3534 | Sewer    | Noticed Papayamessiah's ghost (amateur GrEE)
  3542 | Sewer    | Killed Papayamessiah's ghost
  3542 | Sewer    | Reached XP level 8. HP: 51/61 MP: 8/8
  3583 | Sewer    | Reached skill level 5 in Fighting
  3691 | Sewer    | Reached skill level 6 in Axes
  4145 | D:5      | Reached skill level 7 in Axes
  4210 | D:5      | Reached XP level 9. HP: 64/69 MP: 9/9
  4608 | D:6      | Noticed Abalos's ghost (novice MiAs)
  4642 | D:6      | Killed Abalos's ghost
  4642 | D:6      | Reached skill level 8 in Axes
  4728 | D:6      | Found a radiant altar of Vehumet.
  4891 | D:6      | Found a snail-covered altar of Cheibriados.
  4891 | D:6      | Found a bloodstained altar of Trog.
  4896 | D:6      | Found a faded altar of an unknown god.
  4899 | D:6      | Found an iron altar of Okawaru.
  4901 | D:6      | Found a glowing silver altar of Zin.
  4905 | D:6      | Became a worshipper of Warmaster Okawaru
  5366 | D:7      | Noticed Prince Ribbit
  5586 | D:7      | Reached skill level 9 in Axes
  5867 | D:7      | Reached * piety under Okawaru
  5867 | D:7      | Reached XP level 10. HP: 74/77 MP: 10/10
  5926 | D:7      | Killed Prince Ribbit
  6389 | D:8      | Reached skill level 10 in Axes
  6395 | D:8      | Reached ** piety under Okawaru
  7280 | D:8      | Found Aryw's Antique Armour Emporium.
  7329 | D:8      | Reached *** piety under Okawaru
  7333 | D:8      | Found Vepuaff's Magic Scroll Boutique.
  7342 | D:8      | Bought a scroll of identify for 22 gold pieces
  7342 | D:8      | Bought 2 scrolls of enchant armour for 165 gold pieces
  7342 | D:8      | Bought a scroll of enchant armour for 82 gold pieces
  7342 | D:8      | Bought a scroll of enchant weapon for 82 gold pieces
  7458 | D:8      | Found a shattered altar of Ashenzari.
  7694 | D:9      | Noticed Faca's ghost (journeyman FoFi)
  7711 | D:9      | Killed Faca's ghost
  7711 | D:9      | Reached skill level 11 in Axes
  7711 | D:9      | Reached XP level 11. HP: 51/84 MP: 11/11
  7889 | D:9      | Reached **** piety under Okawaru
  9046 | D:9      | Found Muocuopnu's Magic Scroll Emporium.
  9431 | D:10     | Entered Level 10 of the Dungeon
  9677 | D:10     | You fall through a shaft!
  9761 | D:10     | Reached skill level 12 in Axes
 10143 | D:10     | Noticed a cyclops
 10156 | D:10     | Killed a cyclops
 10156 | D:10     | Reached ***** piety under Okawaru
 10349 | D:11     | Found a staircase to the Lair.
 10404 | D:11     | Found a basalt altar of Yredelemnul.
 10410 | D:11     | Received a gift from Okawaru
 10809 | D:11     | Found a staircase to the Orcish Mines.
 11057 | Orc:1    | Entered Level 1 of the Orcish Mines
 11080 | Orc:1    | Reached XP level 12. HP: 81/93 MP: 12/12
 11088 | Orc:1    | Received a gift from Okawaru
 11860 | Orc:1    | Gained mutation: You regenerate slowly when monsters are visible. [a neqoxec]
 12490 | D:9      | Bought a scroll of acquirement for 676 gold pieces
 12616 | D:12     | Noticed an unseen horror
 12636 | D:12     | Reached skill level 13 in Axes
 12644 | D:12     | Killed an unseen horror
 12667 | D:12     | Reached skill level 10 in Shields
 12801 | D:12     | Noticed a tengu warrior
 12926 | D:12     | Killed a tengu warrior
 13519 | D:12     | Slain by a slime creature

Vault maps used:
D:1:      matt_arrival_los_fun
D:2:      eat_drink_and_be_merry_uskayaw, nicolae_tso_carved_into_rock,
          first_bread, lightli_corner_chamber
D:4:      black_bear_nest_2, uniq_blork_the_orc
D:5:      portal_sewer_entry_f, grunt_ministairs_11, minivault_26
D:6:      lemuel_crystal_altar, chequers_temple_overflow_minitemple
D:7:      the_bakery, st_stairs_11, uniq_prince_ribbit1
D:8:      minmay_goldmine, serial_shops, nicolae_shop_statue_plus,
          nicolae_shop_statue_plus, cheibrodos_ashenzari_chains
D:9:      serial_shops, shop_fountains
D:11:     lair_entry_dummy, orc_0_dummy, basic_altar, corexii_leaking_fountain
D:12:     minmay_misc_feat_x, corexii_corridor_pit, grunt_ministairs_6
Temple:   nicolae_temple_great_sept
Sewer:    sewer_minmay_w

Skill      XL: |  1  2  3  4  5  6  7  8  9 10 11 12 |
---------------+-------------------------------------+-----
Armour         | 4 5 6 7 8 9 |  9.1
Shields        | 4 5 6 7 8 9 10 | 10.4
Axes           | 3 4 5 7 9 11 12 13 | 13.4
Stealth        | 1 2 |  2.4
Fighting       | 4 5 6 7 8 9 |  9.5
Dodging        | 1 2 3 |  3.1

Action                   |  1- 3 |  4- 6 |  7- 9 | 10-12 || total
-------------------------+-------+-------+-------+-------++-------
Melee: War axe           |    64 |   181 |   353 |       ||   598
       Battleaxe         |       |       |    54 |   649 ||   703
 Abil: Dig               |       |     1 |       |     1 ||     2
  Use: Scroll            |     7 |     4 |    13 |     9 ||    33
       Potion            |       |     1 |     1 |     3 ||     5
  Eat: Meat ration       |       |     1 |     1 |     1 ||     3
       Fruit             |       |     3 |       |       ||     3
       Beef jerky        |       |       |     2 |       ||     2
       Chunk             |       |       |     1 |       ||     1
       Royal jelly       |       |       |     1 |     1 ||     2
       Bread ration      |       |       |       |     3 ||     3
       Pizza             |       |       |       |     3 ||     3
Armor: Scale mail        |    27 |    54 |       |       ||    81
       Chain mail        |       |    11 |   198 |   293 ||   502
       Skin              |       |       |       |     3 ||     3
Dodge: Dodged            |    25 |    63 |   122 |   242 ||   452
Block: Shield            |    34 |    94 |   233 |   423 ||   784
